 Dungeon Crawl Stone Soup version 0.26-a0-663-g36e8fdb655 (webtiles) character file.

Game seed: 9056042963080148480

2115699 ardl the Dwarven Barricade (level 26, 226/271 HPs)
             Began as a Deep Dwarf Wanderer on Oct 12, 2020.
             Was a Favourite Plaything of Xom.
             Escaped with the Orb
             ... and 3 runes!
             The game lasted 02:17:06 (45460 turns).

ardl the Dwarven Barricade (Deep Dwarf Wanderer)   Turns: 45460, Time: 02:17:06

Health: 226/271    AC: 45    Str: 27    XL:     26   Next: 96%
Magic:  26/26 (17) EV: 15    Int:  9    God:    Xom [..*...]
Gold:   2042       SH: 27    Dex:  8    Spells: 25/25 levels left

rFire    + + +     SeeInvis +   o - +9 broad axe (elec)
rCold    + . .     Faith    .   k - +0 tower shield
rNeg     + . .     Spirit   .   r - +7 crystal plate armour
rPois    +         Reflect  .   X - +2 hat {SInv}
rElec    +         Harm     .   b - scarf {rC+ rF+}
rCorr    .         Rampage  .   s - +3 pair of gauntlets of War {Slay+5}
MR       ++++.     Rnd*Tele +   N - +2 pair of boots {run}
Stlth    ..........             A - amulet of the acrobat
HPRegen  0.00/turn              F - ring of protection from fire
MPRegen  0.20/turn              v - ring "Iwogisuh" {rElec rPois MP+9 EV+4 Int-5}

@: non-regenerating, quick
A: damage resistance, heal wounds, talons 1, clumsy 2, fire resistance 1, magic
resistance 1, negative energy resistance 1, sense surroundings 3, screaming 1,
teleportitis 2, wild magic 1, no regeneration
0: Orb of Zot
}: 3/15 runes: barnacled, silver, gossamer
a: Heal Wounds, Renounce Religion


You escaped.
You worshipped Xom.
You were a toy of Xom.
You visited 9 branches of the dungeon, and saw 47 of its levels.
You also visited: Bailey, Gauntlet and Ice Cave.

You collected 7585 gold pieces.
You spent 5543 gold pieces at shops.

Inventory:

Hand Weapons
 o - a +9 broad axe of electrocution (weapon)
Missiles
 x - 9 throwing nets (quivered)
Armour
 b - a scarf of resistance (worn)
 k - a +0 tower shield (worn)
 r - a +7 crystal plate armour (worn)
 s - the +3 pair of gauntlets of War (worn) {Slay+5}
   (You found it on level 6 of the Dungeon)

   It affects your accuracy and damage with ranged weapons and melee attacks
   (+5).
 N - a +2 pair of boots of running (worn)
 T - a +1 cloak of magic resistance
 X - a +2 hat of see invisible (worn)
Jewellery
 m - the ring "Rediust" {rF+ Int+6}
   (You took it off a yaktaur captain on level 5 of the Vaults)

   [ring of intelligence]

   It affects your intelligence (+6).
   It protects you from fire.
 v - the ring "Iwogisuh" (right hand) {rElec rPois MP+9 EV+4 Int-5}
   (You found it on level 7 of the Dungeon)

   [ring of evasion]

   It affects your evasion (+4).
   It affects your intelligence (-5).
   It insulates you from electricity.
   It protects you from poison.
   It affects your magic capacity (+9).
 A - an amulet of the acrobat (around neck)
 C - an uncursed ring of resist corrosion
 F - a ring of protection from fire (left hand)
 I - an uncursed ring of protection from cold
 L - the ring of Angomn {MR+ Int+6}
   (You acquired it on level 10 of the Dungeon)

   [ring of protection from magic]

   It affects your intelligence (+6).
   It affects your resistance to hostile enchantments.
Wands
 a - a wand of acid (25)
 e - a wand of polymorph (23)
 u - a wand of iceblast (43)
 D - a wand of digging (19)
 H - a wand of paralysis (31)
 K - a wand of enslavement (29)
 R - a wand of flame (41)
Scrolls
 c - 6 scrolls of immolation
 g - 7 scrolls of fear
 i - 12 scrolls of identify
 j - 8 scrolls of magic mapping
 p - 5 scrolls of fog
 t - 16 scrolls of teleportation
 w - 11 scrolls of remove curse
 G - a scroll of enchant weapon
 Q - 2 scrolls of summoning
Potions
 d - 7 potions of might
 h - 4 potions of haste
 l - 7 potions of heal wounds
 n - 2 potions of resistance
 q - 13 potions of curing
 z - 8 potions of ambrosia
 E - 3 potions of mutation
 M - a potion of invisibility
 V - 7 potions of magic
 Y - 2 potions of berserk rage
 Z - 4 potions of flight
Miscellaneous
 f - a phantom mirror
 y - a lightning rod (4/4)
 J - a phial of floods
 O - a condenser vane (2/2)
 P - a tin of tremorstones (3/3)
 U - a box of beasts (3/3)


   Skills:
 + Level 22.3 Fighting
 - Level 18.0(18.4) Axes
   Level 6.7(12.2) Polearms
 - Level 20.7 Armour
 - Level 12.0 Dodging
 - Level 3.6 Stealth
 O Level 27 Shields
   Level 12.3 Invocations
 + Level 17.3 Evocations


You had 25 spell levels left.
You didn't know any spells.
Your spell library contained the following spells:

 Spells                   Type           Power        Failure   Level
 Animate Skeleton         Necr           #.....       99%         1
 Apportation              Tloc           #.....       99%         1
 Beastly Appendage        Tmut           #.....       99%         1
 Corona                   Hex            #......      99%         1
 Magic Dart               Conj           #...         99%         1
 Pain                     Necr           #...         99%         1
 Sandblast                Erth           #.....       99%         1
 Summon Small Mammal      Summ           #...         99%         1
 Blink                    Tloc           N/A          100%        2
 Call Imp                 Summ           #.......     100%        2
 Corpse Rot               Necr/Air       N/A          100%        2
 Ensorcelled Hibernation  Hex/Ice        #.....       100%        2
 Passwall                 Tmut/Erth      #.......     100%        2
 Slow                     Hex            #.......     100%        2
 Sublimation of Blood     Necr           #.........   100%        2
 Wereblood                Tmut           #.......     100%        2
 Call Canine Familiar     Summ           #.......     100%        3
 Confusing Touch          Hex            #.......     100%        3
 Conjure Flame            Conj/Fire      #.......     100%        3
 Dazzling Flash           Conj/Hex       #.....       100%        3
 Gell's Gravitas          Tloc           #.........   100%        3
 Ignite Poison            Fire/Tmut/Pois #.......     100%        3
 Inner Flame              Hex/Fire       #.......     100%        3
 Mephitic Cloud           Conj/Pois/Air  #.......     100%        3
 Portal Projectile        Hex/Tloc       #.....       100%        3
 Spider Form              Tmut/Pois      #.........   100%        3
 Stone Arrow              Conj/Erth      #.....       100%        3
 Summon Guardian Golem    Hex/Summ       #.......     100%        3
 Tukima's Dance           Hex            #.......     100%        3
 Vampiric Draining        Necr           #.........   100%        3
 Animate Dead             Necr           #.........   100%        4
 Cause Fear               Hex            #.........   100%        4
 Dispel Undead            Necr           #.......     100%        4
 Ice Form                 Ice/Tmut       #.......     100%        4
 Leda's Liquefaction      Hex/Erth       #.........   100%        4
 Petrify                  Tmut/Erth      #.......     100%        4
 Summon Ice Beast         Ice/Summ       #.......     100%        4
 Summon Lightning Spire   Summ/Air       #.......     100%        4
 Agony                    Necr           #.......     100%        5
 Blade Hands              Tmut           #.........   100%        5
 Bolt of Magma            Conj/Fire/Erth #.........   100%        5
 Borgnjor's Vile Clutch   Necr/Erth      #.........   100%        5
 Excruciating Wounds      Necr           #.........   100%        5
 Fireball                 Conj/Fire      #.........   100%        5
 Lee's Rapid Deconstruct  Erth           #.........   100%        5
 Metabolic Englaciation   Hex/Ice        #.........   100%        5
 Silence                  Hex/Air        #.........   100%        5
 Yara's Violent Unravell  Hex/Tmut       #.........   100%        5
 Death Channel            Necr           #.........   100%        6
 Dispersal                Tloc           #.........   100%        6
 Iron Shot                Conj/Erth      #.........   100%        6
 Simulacrum               Ice/Necr       #.........   100%        6
 Starburst                Conj/Fire      #.........   100%        6
 Statue Form              Tmut/Erth      #........    100%        6
 Discord                  Hex            #.........   100%        8
 Disjunction              Tloc           #.........   100%        8
 Ignition                 Fire           #.........   100%        8
 Shatter                  Erth           #.........   100%        9


Dungeon Overview and Level Annotations

Branches:
Dungeon (15/15)            Temple (1/1) D:6            Lair (6/6) D:8
 Shoals (4/4) Lair:4       Spider (4/4) Lair:2        Slime (0/5) Lair:6
    Orc (2/2) D:9             Elf (0/3) Orc:2        Vaults (5/5) D:14
  Crypt (0/3) Vaults:2     Depths (5/5) D:15            Zot (5/5) Depths:5
 Bailey (visited)           IceCv (visited)         Gauntlet (visited)

Altars:
Ashenzari
Cheibriados
Dithmenos
Elyvilon
Fedhas
Gozag
Hepliaklqana
Kikubaaqudgha
Makhleb
Nemelex Xobeh
Okawaru
Qazlal
Ru
Sif Muna
Trog
Uskayaw
Vehumet
Wu Jian
Xom
Yredelemnul
Zin
The Shining One
Beogh
Jiyva

Shops:
Orc:1 (   Orc:2 ***(   Shoals:3 [   Vaults:5 !!?!!   Depths:4 *

Portals:
Hell: Depths:1 Depths:2 Depths:3 Depths:4 Depths:5
Abyss: Depths:4
Pandemonium: Depths:3 Depths:5
Ziggurat: Depths:3

Annotations:
Shoals:4 2 runed translucent doors, wqewqe's ghost, journeyman DDFi
Spider:1 Roxanne
Depths:4 3 runed translucent doors, lmSkywalker's ghost, adept DrTm
Zot:2 8 runed translucent doors
Zot:4 exclusion: upstairs


Innate Abilities, Weirdness & Mutations

You are resistant to damage.
You can heal yourself by infusing magical energy.
You resist negative energy. (rN+)
You passively map a large area around you.
You do not regenerate.
You have sharp toenails.
You are very clumsy. (Dex -4)
Your flesh is heat resistant. (rF+)
You are resistant to hostile enchantments. (MR+)
You occasionally shout uncontrollably at your foes.
You are sometimes teleported next to monsters.
Your spells are a little harder to cast, but a little more powerful.


Message History

You kill the Executioner!
That felt strangely unrewarding.
You completely miss the balrug. You slice the cacodemon!!
You kill the cacodemon!
That felt strangely unrewarding.
The balrug gestures at you. The bolt of fire hits you. You resist.
You slice the balrug!!
You kill the balrug!
That felt strangely unrewarding.
No target in view!
No target in view!
There is a stone staircase leading up here.
You climb upwards.
There is a stone staircase leading down here.
There is an open door here.
There is an open door here.
There is a staircase leading out of the dungeon here.
You feel a little less mighty now.
You have escaped!

#..####''####.....####..#
#..###....###..#...# ##..
#..##......##..#.#.# ##.
#..##.8....##....#.# #.
#..#........#..###.######
#..#.8......#..# #......#
#..#...##...#..# ######..
#..#..####..#..### #####.
#..+..+>@'..'....###.....
#..#..####..#.....#..####
#..#...##...#.......#####
#..#.)....8.#............
#..#........#....########
#..##....8.##.......#
#..##......##..####.##
#..###....###........####
#..####++####..####......


There were no monsters in sight!

Vanquished Creatures
  A pandemonium lord (Zot:1)
  2 ancient liches
  4 orbs of fire (Zot:5)
  Mara (Spider:4)
  A juggernaut (Depths:5)
  9 Killer Klowns
  2 caustic shrikes (Depths:5)
  2 curse toes
  Nikola (Depths:1)
  5 golden dragons
  Arachne (Spider:4)
  An electric golem (Zot:5)
  7 liches
  Jorgrun (Spider:2)
  A Hell Sentinel (D:12)
  An Ice Fiend (Zot:2)
  10 tentacled monstrosities
  19 Orb Guardians
  5 titans
  4 quicksilver dragons
  Polyphemus (Shoals:4)
  Gastronok (Lair:3)
  6 sphinxes
  Agnes (Spider:4)
  3 death cobs
  3 Executioners
  9 tengu reavers
  A kraken (Shoals:3)
  5 draconian monks
  10 storm dragons
  8 shadow dragons
  Donald (Vaults:4)
  19 frost giants
  6 ghost moths
  4 iron dragons
  13 fire giants
  2 draconian scorchers
  Aizul (Shoals:1)
  4 draconian knights
  18 vault wardens
  An angel (Depths:4)
  A cacodemon (D:2)
  7 emperor scorpions
  5 deep elf sorcerers
  A balrug (D:2)
  7 draconian stormcallers
  A draconian shifter (Zot:3)
  A ghoul (Vaults:5)
  4 spriggan defenders
  8 draconian annihilators
  7 war gargoyles
  5 entropy weavers
  39 stone giants
  17 ironheart preservers
  10 very ugly things
  7 green draconians
  7 vampire knights
  A black sun (Zot:1)
  8 black draconians
  Azrael (Spider:2)
  7 purple draconians
  Nessos (D:15)
  12 red draconians
  4 deep elf annihilators
  9 white draconians
  A minotaur (Gauntlet)
  14 ettins
  10 yellow draconians
  3 spark wasps
  2 blizzard demons
  A crystal guardian (Vaults:4)
  3 merfolk javelineers (Shoals:4)
  14 fire dragons
  Snorg (D:12)
  3 deep elf death magi
  9 merfolk impalers
  10 great orbs of eyes
  5 deep elf high priests
  Harold (D:7)
  20 yaktaur captains
  35 vault guards
  8 rakshasas
  4 spriggan air magi
  11 boulder beetles
  2 alligator snapping turtles (Shoals:4)
  4 merfolk avatars
  19 ice dragons
  11 hydras
  4 death knights
  10 centaur warriors
  2 satyrs (Shoals:3)
  17 ogre magi
  A catoblepas (Shoals:4)
  54 two-headed ogres
  12 deep troll shamans
  A two-headed ogre (shapeshifter) (D:15)
  2 merfolk aquamancers (Shoals:4)
  A queen ant (Lair:5)
  11 spriggan berserkers
  6 tengu warriors
  12 death yaks
  3 orc high priests
  A shock serpent (shapeshifter) (Depths:5)
  7 hell knights (Depths:5)
  10 deep troll earth magi
  2 soul eaters
  8 iron trolls
  8 deep elf knights
  A sun demon (Depths:3)
  2 sixfirhies
  A fire crab (shapeshifter) (Depths:5)
  A fire crab (Lair:6)
  A skeletal warrior (D:12)
  5 glowing orange brains
  3 wizards
  12 sea snakes
  4 shadow wraiths
  An unseen horror (D:13)
  11 deep trolls
  A death drake (shapeshifter) (Vaults:2)
  2 infernal demonspawn
  A shadow demon (Depths:3)
  A gelid demonspawn (Zot:1)
  2 torturous demonspawn
  4 deep elf archers
  A flayed ghost (Vaults:3)
  8 phantasmal warriors
  17 harpies
  3 necromancers
  A wolf spider zombie (D:14)
  Pikel (D:7)
  A harpy (shapeshifter) (Depths:1)
  19 ironbrand convokers
  12 orc knights
  A frost giant zombie (Depths:2)
  15 orb spiders
  A lindwurm (shapeshifter) (Depths:5)
  28 wolf spiders
  A mana viper (shapeshifter) (Depths:5)
  8 orc sorcerers
  14 deep elf magi
  7 fauns
  44 ugly things
  A cyclops (shapeshifter) (Depths:3)
  16 moths of wrath
  A salamander (Depths:3)
  A shining eye (shapeshifter) (Depths:3)
  17 cyclopes
  13 manticores
  5 black mambas
  A manticore (shapeshifter) (Depths:2)
  13 merfolk sirens
  An ice statue (IceCv)
  A black mamba (shapeshifter) (D:15)
  21 vault sentinels
  A fire giant skeleton (Depths:2)
  5 water nymphs
  25 elephants
  2 eyes of devastation (shapeshifter) (Depths:3)
  A smoke demon (Depths:3)
  2 torpor snails
  Maurice (D:8)
  5 spectral swamp worms (Depths:4)
  Maggie (D:8)
  2 centaur skeletons
  2 ice devils
  15 cane toads
  A rime drake (Lair:2)
  35 yaktaurs
  2 kobold demonologists
  3 efreet
  A yaktaur (shapeshifter) (Depths:3)
  2 freezing wraiths
  11 komodo dragons
  13 demonic crawlers
  8 tengu conjurers
  4 guardian mummies (Zot:2)
  2 red devils (Depths:3)
  21 merfolk
  20 polar bears
  8 trolls
  14 hornets
  35 jumping spiders
  2 trolls (shapeshifter)
  7 wind drakes
  3 jumping spiders (shapeshifter)
  A raiju (shapeshifter) (Depths:3)
  28 blink frogs
  A hornet (shapeshifter) (Vaults:5)
  25 slime creatures
  17 dream sheep
  10 snapping turtles
  A frost giant simulacrum (Depths:2)
  2 snapping turtles (shapeshifter) (Depths:4)
  A human simulacrum (Vaults:3)
  An ettin zombie (Depths:2)
  70 redbacks
  32 tarantellas
  9 water elementals
  2 yaks (shapeshifter)
  2 spriggans (shapeshifter)
  A redback (shapeshifter) (Vaults:5)
  5 fire elementals
  2 wyverns
  A vampire (D:12)
  11 spriggans
  9 wraiths
  2 shadows (D:13)
  3 large abominations (Depths:5)
  7 humans (D:14)
  28 yaks
  A vampire mosquito (Spider:4)
  6 basilisks
  A hog (shapeshifter) (D:15)
  A yaktaur simulacrum (Vaults:3)
  An acid dragon (shapeshifter) (Depths:3)
  18 water moccasins
  4 wargs
  9 soldier ants (Lair:5)
  3 acid dragons
  2 floating eyes
  4 hell hounds
  43 orc warriors
  A sky beast (shapeshifter) (Depths:3)
  A sky beast (D:7)
  12 ice beasts
  6 black bears
  A phantom (D:11)
  49 wolves
  60 ogres
  An eye of draining (shapeshifter) (Depths:3)
  19 boggarts
  A boggart (shapeshifter) (Depths:1)
  24 centaurs
  A lemure (D:7)
  2 big kobolds
  A gnoll sergeant (D:6)
  28 bullfrogs
  A wyvern skeleton (D:9)
  6 scorpions
  12 killer bees
  13 wights
  4 howler monkeys
  6 electric eels
  2 bullfrog zombies
  2 crimson imps
  4 quasits
  2 centaur zombies
  5 jellies
  6 hounds
  4 iron imps
  27 orc priests
  50 orc wizards
  Ijyb (D:4)
  5 iguanas
  4 hell rats (Lair:6)
  30 worker ants
  2 hound skeletons
  A worker ant zombie (D:10)
  13 gnolls
  11 adders
  2 river rats (D:15)
  5 shadow imps
  2 white imps
  2 ufetubi
  2 oozes
  An adder zombie (D:7)
  3 adder skeletons
  A worm (shapeshifter) (Vaults:5)
  A worm (D:5)
  5 ball lightnings (D:9)
  2 dart slugs
  5 leopard geckos
  123 orcs
  5 ball pythons
  6 giant cockroaches
  17 goblins
  16 hobgoblins
  3 jackals (D:2)
  5 quokkas
  6 bats
  3 frilled lizards
  A jackal zombie (D:5)
  10 kobolds
  4 rats
  5 butterflies (Zot:2)
  A fire vortex (Depths:3)
  3 tentacles (Shoals:3)
2329 creatures vanquished.

Vanquished Creatures (collateral kills)
  A guardian mummy (Zot:2)
1 creature vanquished.

Vanquished Creatures (others)
  A pandemonium lord (D:9)
  Asterion (Depths:1)
  A ghost moth (Zot:2)
  A tengu warrior (Depths:2)
  An ogre mage (Vaults:3)
  A wizard (Depths:1)
  A deep elf mage (Vaults:2)
  A wind drake (Shoals:4)
  A ynoxinul (Zot:1)
  A tarantella (Spider:2)
  2 humans (D:14)
  An ogre (Vaults:3)
  An orc priest (Orc:2)
  6 ball lightnings (D:9)
  An orc (Vaults:5)
  A bush (Lair:6)
  A butterfly (Zot:2)
  37 fungi
  247 plants
  8 tentacles (Shoals:3)
315 creatures vanquished.

Grand Total: 2645 creatures vanquished

Notes
Turn   | Place    | Note
-------+----------+-------------------------------------------
     0 | D:1      | ardl the Deep Dwarf Wanderer began the quest for the Orb.
     0 | D:1      | ardl set off with the following items: a +0 short sword, a
                  | +2 leather armour, a +0 buckler, a +0 dagger
     0 | D:1      | Reached XP level 1. HP: 20/20 MP: 1/1
   224 | D:1      | Reached XP level 2. HP: 25/27 MP: 2/2
   645 | D:2      | Reached skill level 2 in Shields
   758 | D:2      | Reached XP level 3. HP: 27/34 MP: 3/3
  1545 | D:3      | Reached skill level 3 in Shields
  1545 | D:3      | Reached XP level 4. HP: 14/43 MP: 4/4
  1745 | D:3      | Reached skill level 1 in Axes
  1896 | D:3      | Reached XP level 5. HP: 42/50 MP: 5/5
  2106 | D:4      | Noticed Ijyb
  2107 | D:4      | Paralysed by Ijyb for 6 turns
  2116 | D:4      | Paralysed by Ijyb for 3 turns
  2124 | D:4      | Killed Ijyb
  2436 | D:4      | Reached XP level 6. HP: 51/57 MP: 6/6
  2518 | D:4      | Reached skill level 4 in Shields
  2605 | D:4      | Noticed an orc warrior
  2623 | D:4      | Killed an orc warrior
  2678 | D:4      | Reached XP level 7. HP: 55/66 MP: 6/6
  3072 | D:5      | Entered Level 5 of the Dungeon
  3331 | D:5      | Reached skill level 5 in Axes
  3454 | D:4      | Reached skill level 5 in Fighting
  3454 | D:4      | Reached skill level 5 in Shields
  3810 | D:6      | Noticed a troll
  3818 | D:6      | Killed a troll
  3818 | D:6      | Reached XP level 8. HP: 50/75 MP: 7/7
  4164 | D:6      | Noticed a troll
  4271 | D:6      | Reached skill level 6 in Shields
  4289 | D:6      | Identified a scroll of acquirement
  4289 | D:6      | Acquired a +1 helmet of intelligence
  4597 | D:6      | Found a staircase to the Ecumenical Temple.
  4606 | Temple   | Entered the Ecumenical Temple
  4721 | Temple   | Became a worshipper of Makhleb the Destroyer
  4785 | D:6      | Found the +3 pair of gauntlets of War {Slay+5}
  5127 | D:6      | Killed a troll
  5127 | D:6      | Reached skill level 1 in Invocations
  5150 | D:7      | Noticed Harold
  5165 | D:7      | Gained mutation: You passively map the area around you.
                  | [Deep Dwarf growth]
  5165 | D:7      | Reached XP level 9. HP: 58/82 MP: 7/7
  5180 | D:7      | Got a shimmering granite ring
  5196 | D:7      | Noticed Pikel
  5206 | D:7      | Killed Harold
  5210 | D:7      | Killed Pikel
  5222 | D:7      | Reached skill level 10 in Axes
  5222 | D:7      | Reached skill level 5 in Invocations
  5261 | D:7      | Identified the cursed +2 hand axe of Wiavim {holy, +Fly
                  | rElec rF+++ Str-2 Dex-2}
  5270 | D:7      | Reached * piety under Makhleb
  5400 | D:7      | Reached XP level 10. HP: 72/94 MP: 11/11
  5506 | D:7      | Identified the ring "Iwogisuh" {rElec rPois MP+9 EV+4
                  | Int-5} (You found it on level 7 of the Dungeon)
  5696 | D:7      | Got a steaming plate armour
  5707 | D:7      | Identified the +10 plate armour "Qom Cila" {Regen+} (You
                  | found it on level 7 of the Dungeon)
  5810 | D:7      | Found a burning altar of Makhleb.
  5810 | D:7      | Noticed an Executioner
  6138 | D:5      | Got a sapphire trident
  6139 | D:5      | Identified the +5 trident "Uwiunehu" {pain, rF+} (You found
                  | it on level 5 of the Dungeon)
  6627 | D:8      | Found a staircase to the Lair.
  6714 | D:8      | Noticed Maurice
  6759 | D:8      | Killed Maurice
  6803 | D:8      | Noticed Maggie
  6809 | D:8      | Killed Maggie
  7479 | D:9      | Reached ** piety under Makhleb
  7666 | D:9      | Paralysed by a hornet for 2 turns
  7753 | D:9      | Found a broken altar of Ashenzari.
  7951 | D:9      | Found a staircase to the Orcish Mines.
  8008 | D:10     | Entered Level 10 of the Dungeon
  8039 | D:10     | Reached *** piety under Makhleb
  8118 | D:10     | Reached XP level 11. HP: 104/104 MP: 13/13
  9036 | D:11     | Reached **** piety under Makhleb
  9472 | D:12     | Reached skill level 1 in Armour
  9481 | D:12     | Found a gate leading to a gauntlet.
  9489 | Gauntlet | Entered a Gauntlet
  9489 | Gauntlet | Found a transporter.
  9489 | Gauntlet | Found a transporter.
  9496 | Gauntlet | Noticed a tengu warrior
  9501 | Gauntlet | Found a transporter.
  9516 | Gauntlet | Noticed a death yak
  9517 | Gauntlet | Noticed a death yak
  9517 | Gauntlet | Noticed a death yak
  9518 | Gauntlet | Noticed a death yak
  9518 | Gauntlet | Noticed a necromancer
  9520 | Gauntlet | Found a transporter.
  9520 | Gauntlet | Found a transporter.
  9522 | Gauntlet | Found a transporter.
  9522 | Gauntlet | Found a transporter.
  9524 | Gauntlet | Found a transporter.
  9536 | Gauntlet | Found a transporter.
  9550 | Gauntlet | Found a runed translucent gate.
  9551 | Gauntlet | Found a transporter.
  9551 | Gauntlet | Found a runed translucent gate.
  9552 | Gauntlet | Found a runed translucent gate.
  9558 | Gauntlet | Noticed a thrashing horror
  9560 | Gauntlet | Found a runed translucent door.
  9561 | Gauntlet | Found a transporter.
  9562 | Gauntlet | Found a runed translucent door.
  9562 | Gauntlet | Noticed a thrashing horror
  9575 | Gauntlet | Found a transporter.
  9595 | Gauntlet | Found a transporter.
  9606 | Gauntlet | Found a transporter.
  9696 | Gauntlet | Reached skill level 1 in Evocations
  9709 | Gauntlet | Got a shimmering turquoise ring
  9711 | Gauntlet | Identified the ring of Nexkid Fyku {Str+5 Stlth+} (You
                  | found it in a Gauntlet)
  9736 | Gauntlet | Killed a necromancer
  9755 | Gauntlet | Killed a death yak
  9766 | Gauntlet | Killed a death yak
  9773 | Gauntlet | Killed a death yak
  9780 | Gauntlet | Killed a death yak
  9973 | Gauntlet | Got a bound bone ring
  9975 | Gauntlet | Identified the ring of Intercession {Wiz Dex+2} (You found
                  | it in a Gauntlet)
  9999 | Gauntlet | Identified the +10 broad axe of the Blessed Realm {venom,
                  | +Fly rN+ Str+2 Stlth+}
  9999 | Gauntlet | Noticed a minotaur
 10013 | Gauntlet | Killed a minotaur
 10185 | Gauntlet | Got a faintly humming ring mail
 10340 | D:12     | Noticed a death knight
 10340 | D:12     | Noticed a skeletal warrior
 10347 | D:12     | Reached XP level 12. HP: 110/116 MP: 13/13
 10355 | D:12     | Killed a death knight
 10355 | D:12     | Reached skill level 10 in Fighting
 10428 | D:12     | Reached skill level 5 in Evocations
 10813 | D:12     | Noticed Snorg
 10831 | D:12     | Killed Snorg
 10831 | D:12     | Reached skill level 5 in Armour
 10891 | D:12     | Reached ***** piety under Makhleb
 11472 | D:13     | Found a frozen archway.
 11501 | D:13     | Gained mutation: You have an increased reservoir of magic.
                  | (+10% MP) [potion of mutation]
 11501 | D:13     | Gained mutation: You passively map a large area around you.
                  | [potion of mutation]
 11505 | IceCv    | Entered an ice cave
 11542 | IceCv    | Reached skill level 15 in Axes
 11628 | IceCv    | Noticed a frost giant
 11641 | IceCv    | Killed a frost giant
 11641 | IceCv    | Reached XP level 13. HP: 97/126 MP: 16/16
 12517 | D:14     | Found a flagged portal.
 12524 | Bailey   | Entered a bailey
 12558 | Bailey   | Found an iron altar of Okawaru.
 12783 | Bailey   | Found the +4 robe of Augmentation {Str+4 Int+4 Dex+4}
 12852 | Bailey   | Reached ****** piety under Makhleb
 12901 | Bailey   | Acquired the ring of Angomn {MR+ Int+6}
 13191 | D:14     | Found a runed translucent door.
 13492 | D:14     | Found a gate to the Vaults.
 13802 | Lair:1   | Entered Level 1 of the Lair of Beasts
 14926 | Lair:2   | Gained mutation: You resist negative energy. (rN+) [Deep
                  | Dwarf growth]
 14926 | Lair:2   | Reached XP level 14. HP: 136/136 MP: 17/17
 15228 | Lair:2   | Found a hole to the Spider Nest.
 15739 | Lair:3   | Noticed Gastronok
 15758 | Lair:3   | Killed Gastronok
 16561 | Lair:4   | Reached skill level 10 in Armour
 16773 | Lair:4   | Reached skill level 7 in Shields
 16890 | Lair:4   | Found a staircase to the Shoals.
 17490 | Lair:5   | Acquired the +9 demon trident of Immorality {elec, +Fly}
 17654 | Lair:5   | Noticed an entropy weaver
 17654 | Lair:5   | Noticed an entropy weaver
 17668 | Lair:5   | Reached skill level 1 in Polearms
 17669 | Lair:5   | Killed an entropy weaver
 17680 | Lair:5   | Killed an entropy weaver
 17702 | Lair:5   | Reached skill level 8 in Shields
 17985 | Lair:6   | Entered Level 6 of the Lair of Beasts
 18036 | Lair:6   | Reached XP level 15. HP: 146/146 MP: 18/18
 18254 | Lair:6   | Reached skill level 5 in Polearms
 18255 | Lair:6   | Reached skill level 9 in Shields
 18835 | Lair:6   | Found a viscous altar of Jiyva.
 18835 | Lair:6   | Found a staircase to the Slime Pits.
 19273 | D:15     | Entered Level 15 of the Dungeon
 19301 | D:15     | Noticed Nessos
 19314 | D:15     | Killed Nessos
 19389 | D:15     | Found an ancient bone altar of Kikubaaqudgha.
 19656 | D:15     | Reached skill level 10 in Shields
 20004 | D:15     | Found a staircase to the Depths.
 20250 | D:14     | Found a roughly hewn altar of Beogh.
 20503 | Orc:1    | Entered Level 1 of the Orcish Mines
 20787 | Orc:1    | Found Umiemn's Weapon Emporium.
 20989 | Orc:2    | Entered Level 2 of the Orcish Mines
 21008 | Orc:2    | Found a staircase to the Elven Halls.
 21157 | Orc:2    | Reached XP level 16. HP: 160/160 MP: 19/19
 21385 | Orc:2    | Found Aliun's Weapon Emporium.
 21385 | Orc:2    | Found Elya's General Store.
 21385 | Orc:2    | Found Sekisega's Assorted Antiques.
 21388 | Orc:2    | Found Mesozali's Assorted Antiques.
 21392 | Orc:2    | Bought a potion of haste for 250 gold pieces
 21393 | Orc:2    | Bought a scroll of enchant weapon for 90 gold pieces
 21397 | Orc:2    | Bought a scroll of enchant armour for 247 gold pieces
 21397 | Orc:2    | Bought a phantom mirror for 990 gold pieces
 21397 | Orc:2    | Bought a scroll of magic mapping for 115 gold pieces
 21403 | Orc:2    | Bought a scroll of identify for 66 gold pieces
 21750 | Spider:1 | Entered Level 1 of the Spider Nest
 21801 | Spider:1 | Reached skill level 15 in Fighting
 22223 | Spider:1 | Noticed Roxanne
 22493 | Spider:2 | Noticed Azrael
 22515 | Spider:2 | Killed Azrael
 22577 | Spider:2 | Noticed Jorgrun
 22588 | Spider:2 | Killed Jorgrun
 22588 | Spider:2 | Reached skill level 11 in Shields
 22869 | Spider:3 | Reached skill level 10 in Evocations
 23081 | Spider:3 | Got a crude brass ring
 23082 | Spider:3 | Identified the ring "Mimp" {rElec Int+3 Dex+6 Stlth+} (You
                  | found it on level 3 of the Spider Nest)
 24024 | Spider:4 | Entered Level 4 of the Spider Nest
 24024 | Spider:4 | Noticed Mara
 24051 | Spider:4 | Reached XP level 17. HP: 170/170 MP: 21/21
 24058 | Spider:4 | Noticed ardl's illusion
 24063 | Spider:4 | Reached skill level 12 in Shields
 24087 | Spider:4 | Noticed ardl's illusion
 24110 | Spider:4 | Noticed ardl's illusion
 24114 | Spider:4 | Killed Mara
 24204 | Spider:4 | Noticed Agnes
 24215 | Spider:4 | Killed Agnes
 24338 | Spider:4 | Got a gossamer rune of Zot
 24434 | Spider:4 | Noticed Arachne
 24454 | Spider:4 | Killed Arachne
 24821 | Spider:4 | Lost mutation: You passively map a large area around you.
                  | [potion of mutation]
 24821 | Spider:4 | Lost mutation: You have an increased reservoir of magic.
                  | (+10% MP) [potion of mutation]
 24821 | Spider:4 | Gained mutation: You are weak. (Str -2) [potion of
                  | mutation]
 24821 | Spider:4 | Gained mutation: Your flesh is heat resistant. (rF+)
                  | [potion of mutation]
 24821 | Spider:4 | Gained mutation: Your movements are slightly less
                  | encumbered by armour. (ER -2) [potion of mutation]
 24822 | Spider:4 | Lost mutation: Your movements are slightly less encumbered
                  | by armour. (ER -2) [potion of mutation]
 24822 | Spider:4 | Lost mutation: Your flesh is heat resistant. (rF+) [potion
                  | of mutation]
 24822 | Spider:4 | Lost mutation: You are weak. (Str -2) [potion of mutation]
 24822 | Spider:4 | Gained mutation: You expend magic power (3 MP) to
                  | strengthen your wands. [potion of mutation]
 24822 | Spider:4 | Gained mutation: Potions are less effective at restoring
                  | your health. [potion of mutation]
 24822 | Spider:4 | Gained mutation: You are partially covered in iridescent
                  | scales. (AC +2) [potion of mutation]
 24823 | Spider:4 | Lost mutation: You are partially covered in iridescent
                  | scales. (AC +2) [potion of mutation]
 24823 | Spider:4 | Lost mutation: You expend magic power (3 MP) to strengthen
                  | your wands. [potion of mutation]
 24823 | Spider:4 | Lost mutation: Potions are less effective at restoring your
                  | health. [potion of mutation]
 24823 | Spider:4 | Gained mutation: You tend to lose your temper in combat.
                  | [potion of mutation]
 24823 | Spider:4 | Gained mutation: Your mind is acute. (Int +2) [potion of
                  | mutation]
 24824 | Spider:4 | Lost mutation: Your mind is acute. (Int +2) [potion of
                  | mutation]
 24824 | Spider:4 | Lost mutation: You tend to lose your temper in combat.
                  | [potion of mutation]
 24824 | Spider:4 | Gained mutation: You are weak. (Str -2) [potion of
                  | mutation]
 24824 | Spider:4 | Gained mutation: You are robust. (+10% HP) [potion of
                  | mutation]
 24825 | Spider:4 | Lost mutation: You are weak. (Str -2) [potion of mutation]
 24825 | Spider:4 | Lost mutation: You are robust. (+10% HP) [potion of
                  | mutation]
 24825 | Spider:4 | Gained mutation: You tend to lose your temper in combat.
                  | [potion of mutation]
 24825 | Spider:4 | Gained mutation: You have supernaturally acute eyesight.
                  | (SInv) [potion of mutation]
 24825 | Spider:4 | Gained mutation: Your muscles are strong. (Str +2) [potion
                  | of mutation]
 24826 | Spider:4 | Lost mutation: Your muscles are strong. (Str +2) [potion of
                  | mutation]
 24826 | Spider:4 | Lost mutation: You tend to lose your temper in combat.
                  | [potion of mutation]
 24826 | Spider:4 | Gained mutation: Your spells are a little easier to cast,
                  | but a little less powerful. [potion of mutation]
 24826 | Spider:4 | Gained mutation: You evolve. [potion of mutation]
 25063 | Shoals:1 | Entered Level 1 of the Shoals
 25120 | Shoals:1 | Noticed Aizul
 25153 | Shoals:1 | Killed Aizul
 25154 | Shoals:1 | Reached skill level 15 in Armour
 25284 | Shoals:1 | Lost mutation: You evolve. [potion of mutation]
 25284 | Shoals:1 | Lost mutation: Your spells are a little easier to cast, but
                  | a little less powerful. [potion of mutation]
 25284 | Shoals:1 | Gained mutation: Your movements are slightly less
                  | encumbered by armour. (ER -2) [potion of mutation]
 25284 | Shoals:1 | Gained mutation: Your system is resistant to poisons.
                  | (rPois) [potion of mutation]
 25285 | Shoals:1 | Lost mutation: Your movements are slightly less encumbered
                  | by armour. (ER -2) [potion of mutation]
 25285 | Shoals:1 | Lost mutation: Your system is resistant to poisons. (rPois)
                  | [potion of mutation]
 25285 | Shoals:1 | Lost mutation: You have supernaturally acute eyesight.
                  | (SInv) [potion of mutation]
 25285 | Shoals:1 | Gained mutation: You have an increased reservoir of magic.
                  | (+10% MP) [potion of mutation]
 25285 | Shoals:1 | Gained mutation: Your spells are a little harder to cast,
                  | but a little more powerful. [potion of mutation]
 25285 | Shoals:1 | Gained mutation: You have a pair of small horns on your
                  | head. [potion of mutation]
 25675 | Shoals:1 | Reached skill level 5 in Dodging
 26702 | Shoals:3 | Gained mutation: You passively map a large area around you.
                  | [Deep Dwarf growth]
 26702 | Shoals:3 | Reached XP level 18. HP: 178/178 MP: 22/22
 26702 | Shoals:3 | Reached skill level 10 in Invocations
 27036 | Shoals:3 | Found Rinyshol's Antique Armour Shoppe.
 27138 | Shoals:4 | Entered Level 4 of the Shoals
 27138 | Shoals:4 | Noticed Polyphemus
 27165 | Shoals:4 | Killed Polyphemus
 27771 | Shoals:4 | Got a barnacled rune of Zot
 27829 | Shoals:4 | Found a large runed translucent door.
 27829 | Shoals:4 | Found a large runed translucent door.
 27829 | Shoals:4 | Noticed wqewqe's ghost (journeyman DDFi)
 28535 | Vaults:1 | Entered Level 1 of the Vaults
 29270 | Vaults:1 | Reached XP level 19. HP: 195/195 MP: 23/23
 30040 | Vaults:2 | Found a radiant altar of Vehumet.
 30445 | Vaults:2 | Reached skill level 13 in Shields
 30707 | Vaults:2 | Found a staircase to the Crypt.
 30707 | Vaults:2 | Found an ancient bone altar of Kikubaaqudgha.
 30708 | Vaults:2 | Found a basalt altar of Yredelemnul.
 31151 | Vaults:3 | Identified a +2 pair of boots of running (You found it on
                  | level 3 of the Vaults)
 31349 | Vaults:3 | Reached skill level 14 in Shields
 31356 | Vaults:3 | Reached XP level 20. HP: 194/206 MP: 24/24
 32091 | Vaults:4 | Reached skill level 15 in Shields
 32897 | Vaults:4 | Noticed Donald
 32914 | Vaults:4 | Killed Donald
 33359 | Depths:1 | Entered Level 1 of the Depths
 33380 | Depths:1 | Reached XP level 21. HP: 218/218 MP: 25/25
 33492 | Depths:1 | You fall into a shaft and drop 1 floor!
 33559 | Depths:2 | Reached skill level 16 in Shields
 33746 | Depths:2 | Found a gateway to Hell.
 34708 | Depths:1 | Noticed Nikola
 34708 | Depths:1 | Noticed Asterion
 34715 | Depths:1 | Killed Asterion
 34716 | Depths:1 | Killed Nikola
 35216 | Depths:3 | Reached skill level 17 in Shields
 35421 | Depths:3 | Noticed a golden dragon
 35438 | Depths:3 | Killed a golden dragon
 35438 | Depths:3 | Reached XP level 22. HP: 191/230 MP: 26/26
 35814 | Depths:3 | Noticed a golden dragon
 35830 | Depths:3 | Killed a golden dragon
 35973 | Depths:3 | Reached skill level 18 in Shields
 35979 | Depths:3 | Found a one-way gate leading to the halls of Pandemonium.
 36107 | Depths:3 | Found a gateway to a ziggurat.
 37129 | Depths:4 | Found a one-way gate to the infinite horrors of the Abyss.
 37491 | Depths:4 | Found Uroopn's Demolitions Depot.
 37529 | Depths:4 | Noticed lmSkywalker's ghost (adept DrTm)
 37530 | Depths:4 | Found an ancient bone altar of Kikubaaqudgha.
 37530 | Depths:4 | Noticed an ancient lich
 37530 | Depths:4 | Noticed an ancient lich
 37531 | Depths:4 | Found a runed translucent gate.
 37531 | Depths:4 | Found a runed translucent gate.
 37531 | Depths:4 | Found a runed translucent gate.
 37709 | Depths:5 | Entered Level 5 of the Depths
 37754 | Depths:5 | Noticed a juggernaut
 37765 | Depths:5 | Killed a juggernaut
 37805 | Depths:5 | Found a blossoming altar of Fedhas.
 37805 | Depths:5 | Found a sacrificial altar of Ru.
 37836 | Depths:5 | Reached XP level 23. HP: 240/240 MP: 27/27
 37975 | Depths:5 | Found a gate to the Realm of Zot.
 38039 | Depths:5 | Found a radiant altar of Vehumet.
 38068 | Depths:5 | Reached skill level 19 in Shields
 38102 | Depths:5 | Noticed a caustic shrike
 38115 | Depths:5 | Killed a caustic shrike
 38129 | Depths:5 | Noticed a caustic shrike
 38135 | Depths:5 | Killed a caustic shrike
 38572 | Depths:5 | Reached skill level 15 in Evocations
 39269 | Shoals:3 | Bought a shiny crystal plate armour for 3237 gold pieces
 39741 | Vaults:5 | Entered Level 5 of the Vaults
 39806 | Vaults:5 | Reached XP level 24. HP: 248/252 MP: 27/27
 39812 | Vaults:5 | Reached skill level 10 in Dodging
 39891 | Vaults:5 | Identified the ring of Wu Jian's Grace {*Tele rPois}
 39912 | Vaults:5 | Noticed an ancient lich
 39922 | Vaults:5 | Identified the ring "Rediust" {rF+ Int+6}
 39939 | Vaults:5 | Reached skill level 20 in Shields
 39940 | Vaults:5 | Killed an ancient lich
 40126 | Vaults:5 | Reached skill level 21 in Shields
 40435 | Vaults:5 | Found Optogo's Distillery.
 40435 | Vaults:5 | Found Empuysie's Magic Scroll Shop.
 40446 | Vaults:5 | Bought a scroll of enchant weapon for 112 gold pieces
 40446 | Vaults:5 | Bought a scroll of magic mapping for 52 gold pieces
 40477 | Vaults:5 | Found Totweh's Distillery.
 40488 | Vaults:5 | Found Kyghuga's Distillery.
 40500 | Vaults:5 | Found Sutodare's Distillery.
 40560 | Vaults:5 | Found the +8 frozen axe "Frostbite" {freezing cloud, *Noise
                  | +Fly rC+}
 40754 | Vaults:5 | Got a silver rune of Zot
 40990 | Vaults:5 | Reached skill level 22 in Shields
 41108 | Vaults:5 | Reached XP level 25. HP: 260/260 MP: 27/27
 41671 | Orc:2    | Bought a scarf of resistance for 384 gold pieces
 42179 | Zot:1    | Entered Level 1 of the Realm of Zot
 42873 | Zot:2    | Reached skill level 23 in Shields
 42892 | Zot:2    | Noticed a Killer Klown
 42902 | Zot:2    | Killed a Killer Klown
 42935 | Zot:2    | Found a large runed translucent door.
 42936 | Zot:2    | Found a large runed translucent door.
 42937 | Zot:2    | Found a large runed translucent door.
 42937 | Zot:2    | Found a shimmering altar of Xom.
 42937 | Zot:2    | Identified the +10 scythe of Lohenus {vamp, *Drain +Inv rF-
                  | SInv}
 42937 | Zot:2    | Noticed a Killer Klown
 42978 | Zot:2    | Killed a Killer Klown
 43046 | Zot:2    | Identified the cursed +0 scale mail of the Battered Scars
                  | {Int+3}
 43057 | Zot:2    | Noticed a Killer Klown
 43065 | Zot:2    | Identified the +1 scale mail "Kino" {rPois rN+ MR+ Str-5}
 43086 | Zot:2    | Killed a Killer Klown
 43192 | Zot:2    | Found a large runed translucent door.
 43192 | Zot:2    | Noticed a Killer Klown
 43193 | Zot:2    | Found a large runed translucent door.
 43194 | Zot:2    | Found a large runed translucent door.
 43195 | Zot:2    | Identified the cursed +0 triple crossbow "Kaawkes" {venom,
                  | rF- rC+ rN+ Dex+10}
 43196 | Zot:2    | Found a large runed translucent door.
 43196 | Zot:2    | Found a large runed translucent door.
 43197 | Zot:2    | Noticed a Killer Klown
 43204 | Zot:2    | Noticed a Killer Klown
 43212 | Zot:2    | Noticed a Killer Klown
 43227 | Zot:2    | Killed a Killer Klown
 43272 | Zot:2    | Killed a Killer Klown
 43318 | Zot:2    | Reached skill level 24 in Shields
 43405 | Zot:2    | Killed a Killer Klown
 43423 | Zot:2    | Killed a Killer Klown
 43621 | Zot:4    | Reached skill level 25 in Shields
 43811 | Zot:5    | Entered Level 5 of the Realm of Zot
 43833 | Zot:5    | Reached XP level 26. HP: 268/268 MP: 23/23
 43937 | Zot:5    | Noticed an orb of fire
 43942 | Zot:5    | Lost mutation: You have an increased reservoir of magic.
                  | (+10% MP) [an orb of fire]
 43944 | Zot:5    | Gained mutation: You are surrounded by a mild repulsion
                  | field. (EV +2) [an orb of fire]
 43945 | Zot:5    | Gained mutation: Scrolls take you a little longer to read.
                  | [an orb of fire]
 43955 | Zot:5    | Gained mutation: You are weak. (Str -2) [an orb of fire]
 43958 | Zot:5    | Gained mutation: You are frail. (-10% HP) [an orb of fire]
 43960 | Zot:5    | Killed an orb of fire
 43960 | Zot:5    | Reached skill level 26 in Shields
 43961 | Zot:5    | Lost mutation: Your spells are a little harder to cast, but
                  | a little more powerful. [potion of mutation]
 43961 | Zot:5    | Lost mutation: You are frail. (-10% HP) [potion of
                  | mutation]
 43961 | Zot:5    | Lost mutation: You have a pair of small horns on your head.
                  | [potion of mutation]
 43961 | Zot:5    | Lost mutation: You are surrounded by a mild repulsion
                  | field. (EV +2) [potion of mutation]
 43961 | Zot:5    | Gained mutation: You are partially covered in iridescent
                  | scales. (AC +2) [potion of mutation]
 43961 | Zot:5    | Gained mutation: You are agile. (Dex +2) [potion of
                  | mutation]
 43961 | Zot:5    | Gained mutation: Armour fits poorly on your strangely
                  | shaped body. [potion of mutation]
 43961 | Zot:5    | Gained mutation: You have sharp toenails. [potion of
                  | mutation]
 43962 | Zot:5    | Lost mutation: Armour fits poorly on your strangely shaped
                  | body. [potion of mutation]
 43962 | Zot:5    | Lost mutation: Scrolls take you a little longer to read.
                  | [potion of mutation]
 43962 | Zot:5    | Lost mutation: You are agile. (Dex +2) [potion of mutation]
 43962 | Zot:5    | Gained mutation: You are clumsy. (Dex -2) [potion of
                  | mutation]
 43962 | Zot:5    | Gained mutation: You can translocate small distances at
                  | will. [potion of mutation]
 43965 | Zot:5    | Noticed an orb of fire
 43970 | Zot:5    | Noticed an ancient lich
 43972 | Zot:5    | Noticed an orb of fire
 43981 | Zot:5    | Gained mutation: Armour fits poorly on your strangely
                  | shaped body. [an orb of fire]
 43986 | Zot:5    | Gained mutation: You are very clumsy. (Dex -4) [an orb of
                  | fire]
 43989 | Zot:5    | Killed an orb of fire
 44000 | Zot:5    | Gained mutation: Your body sometimes deteriorates upon
                  | taking damage. [an orb of fire]
 44006 | Zot:5    | Gained mutation: Your magical capacity is low. (-10% MP)
                  | [an orb of fire]
 44235 | Zot:5    | Killed an ancient lich
 44292 | Zot:5    | Gained mutation: Your magical capacity is very low. (-20%
                  | MP) [an orb of fire]
 44295 | Zot:5    | Gained mutation: You occasionally shout uncontrollably at
                  | your foes. [an orb of fire]
 44296 | Zot:5    | Noticed an orb of fire
 44311 | Zot:5    | Gained mutation: You are frail. (-10% HP) [an orb of fire]
 44316 | Zot:5    | Gained mutation: Your magical capacity is extremely low.
                  | (-30% MP) [an orb of fire]
 44317 | Zot:5    | Killed an orb of fire
 44317 | Zot:5    | Reached skill level 27 in Shields
 44322 | Zot:5    | Gained mutation: You sometimes yell uncontrollably at your
                  | foes. [an orb of fire]
 44329 | Zot:5    | Gained mutation: You are occasionally teleported next to
                  | monsters. [an orb of fire]
 44330 | Zot:5    | Killed an orb of fire
 44351 | Zot:5    | Lost mutation: Your magical capacity is extremely low.
                  | (-30% MP) [potion of mutation]
 44351 | Zot:5    | Lost mutation: You are frail. (-10% HP) [potion of
                  | mutation]
 44351 | Zot:5    | Lost mutation: You can translocate small distances at will.
                  | [potion of mutation]
 44351 | Zot:5    | Lost mutation: You are partially covered in iridescent
                  | scales. (AC +2) [potion of mutation]
 44351 | Zot:5    | Gained mutation: You are resistant to hostile enchantments.
                  | (MR+) [potion of mutation]
 44352 | Zot:5    | Lost mutation: You are weak. (Str -2) [potion of mutation]
 44352 | Zot:5    | Lost mutation: Your magical capacity is very low. (-20% MP)
                  | [potion of mutation]
 44352 | Zot:5    | Lost mutation: Armour fits poorly on your strangely shaped
                  | body. [potion of mutation]
 44352 | Zot:5    | Gained mutation: You are highly resistant to hostile
                  | enchantments. (MR++) [potion of mutation]
 44353 | Zot:5    | Lost mutation: You sometimes yell uncontrollably at your
                  | foes. [potion of mutation]
 44353 | Zot:5    | Lost mutation: Your body sometimes deteriorates upon taking
                  | damage. [potion of mutation]
 44353 | Zot:5    | Lost mutation: Your magical capacity is low. (-10% MP)
                  | [potion of mutation]
 44353 | Zot:5    | Lost mutation: You are highly resistant to hostile
                  | enchantments. (MR++) [potion of mutation]
 44353 | Zot:5    | Gained mutation: Your spells are a little harder to cast,
                  | but a little more powerful. [potion of mutation]
 44353 | Zot:5    | Gained mutation: Your flesh is heat resistant. (rF+)
                  | [potion of mutation]
 44430 | Zot:5    | Got the Orb of Zot
 44431 | Zot:5    | Noticed an orb of fire
 44432 | Zot:5    | Noticed an ancient lich
 44432 | Zot:5    | Noticed an orb of fire
 44433 | Zot:5    | Gained mutation: You are sometimes teleported next to
                  | monsters. [an orb of fire]
 44437 | Zot:5    | Noticed an orb of fire
 44438 | Zot:5    | Noticed an orb of fire
 44438 | Zot:5    | Identified the ring of Piugim {Wiz rN+ Str+3}
 44543 | Zot:1    | Noticed Lodgha the pandemonium lord
 44561 | Zot:1    | Killed Lodgha the pandemonium lord
 45116 | D:9      | Noticed Vomeitem the pandemonium lord
 45127 | D:9      | Killed Vomeitem the pandemonium lord
 45279 | Temple   | Fell from the grace of Makhleb
 45279 | Temple   | Became a worshipper of Xom of Chaos
 45412 | D:2      | XOM: potion effect (might)
 45460 | D:$      | Escaped with the Orb!

Illustrated notes

Levels and vault maps discovered:
D:1:      dpeg_arrival_refuge, layout_rooms
D:2:      layout_loops_ring, st_stairs_10, kennysheep_generic_room_16
D:3:      layout_rooms
D:4:      layout_basic, uniq_ijyb
D:5:      layout_rooms, serial_corexii_hall, corexii_hall_statues_s,
          corexii_hall_statues_deadend
D:6:      layout_loops_ring, minmay_temple_entry_statues_pillars,
          grunt_ministairs_11
D:7:      minmay_the_grid_triangle_9x9_rhombus_thin
          [minmay_the_grid_triangle_9x9_intruding_spiral,
          minmay_the_grid_triangle_9x9_prize_center,
          minmay_the_grid_triangle_9x9_sprig,
          minmay_the_grid_triangle_9x9_swiss_cheese], layout_cave_pools,
          makhleb_altar_promises_db, uniq_pikel, uniq_harold
D:8:      layout_layer_cave, lair_entry_dummy, uniq_maggie, uniq_maurice
D:9:      layout_long_grid, lemuel_coloured_pillars_altar, erik_orc_2,
          grunt_ogre_cave
D:10:     layout_basic, kennysheep_boxes
D:11:     layout_roguey
D:12:     layout_basic, gauntlet_entry_generic, serial_bayou_lagoon_a,
          uniq_snorg
D:13:     layout_rooms, portal_ice_cave_entry_ice_beasts
D:14:     layout_loops_ring, ximxim_vaults_locker_room, nicolae_wwwww,
          enter_bailey_3, minmay_misc_feat_rugged, lightli_church_of_beogh
D:15:     gammafunk_enter_depths_forms, layout_long_grid, basic_altar,
          hangedman_abyss_or_decor_lesser_grid, pond, uniq_nessos
Temple:   kilobyte_greek_temple
Lair:1:   layout_cave_pods, cheibrodos_lair_caveside_slide, serial_bayou_shore_a
Lair:2:   layout_small_grid, spider_nest_entry_webs
Lair:3:   layout_chaotic_city, nzn_random_ring, uniq_gastronok
Lair:4:   layout_loops_ring, minmay_shoals_entry_beasts, st_stairs_9,
          beast_lair_carwin_11
Lair:5:   layout_hall_layers, serial_rivers, chequers_serial_rivers_marsh,
          chequers_serial_rivers_room_b, chequers_serial_rivers_small_a,
          chequers_serial_rivers_marsh, chequers_serial_rivers_micro_d,
          chequers_serial_rivers_room_b, minmay_another_anthill
Lair:6:   minmay_lair_end_enchanted_forest, layout_regular_city,
          dpeg_slime_entry_enclosed_altar, serial_forest,
          infiniplex_forest_fountain, infiniplex_forest_fountain,
          infiniplex_forest_end_3, infiniplex_forest_fountain,
          infiniplex_forest_clump_C, infiniplex_forest_clump_diagonal,
          infiniplex_forest_lined_2, infiniplex_forest_lined_3_way
Shoals:1: layout_shoals, st_shoals_ruin, uniq_aizul
Shoals:2: layout_shoals
Shoals:3: layout_shoals, serial_shops, nicolae_shop_behind_doors
Shoals:4: shoals_end_grunt_ice, layout_shoals, ebering_ghost_disaster_area,
          uniq_polyphemus
Spider:1: layout_spider_delve, uniq_roxanne
Spider:2: layout_spider_delve, uniq_azrael, uniq_jorgrun
Spider:3: layout_chambers
Spider:4: grunt_spider_rune_circles, einodemon_crawler_minivault, uniq_mara,
          uniq_agnes, uniq_arachne
Orc:1:    layout_diamond_mine, serial_shops, shop
Orc:2:    st_orc_mages, layout_caves
Vaults:1: vaults_room_pool, vaults_mumra_chevron,
          vaults_standard_mumra_enter_the_diamond,
          nicolae_vaults_network_periphery, vaults_dpeg_diagonal,
          ontoclasm_vaults_shuriken, st_cross, ontoclasm_vaults_chip, v_misc_15,
          vaults_dpeg_cross, layout_vaults_quadrants
Vaults:2: nicolae_vaults_rhombus_5, minmay_crypt_entry_necro_gods,
          ontoclasm_vaults_idyll, nicolae_vaults_mini_display_case,
          ontoclasm_vaults_eye, nicolae_vaults_specimen_jars, v_misc_5,
          layout_vaults_chaotic_city, basic_altar
Vaults:3: hangedman_vaults_slice, vaults_dpeg_encased_lava,
          grunt_vaults_bifocal, ontoclasm_vaults_idyll, hangedman_vaults_impose,
          vaults_room_pools, grunt_vaults_swirl, v_misc_3, st_more_cells,
          ontoclasm_vaults_idyll, hangedman_vaults_maws, ontoclasm_vaults_pinch,
          v_misc_27, ontoclasm_vaults_hangar, layout_vaults_maze
Vaults:4: nicolae_vaults_network_quincunx
          [nicolae_vaults_network_quincunx_subvault,
          nicolae_vaults_network_quincunx_subvault,
          nicolae_vaults_network_quincunx_subvault,
          nicolae_vaults_network_quincunx_subvault,
          nicolae_vaults_network_quincunx_subvault], v_misc_15,
          nicolae_vaults_circle_grid_b, vaults_dpeg_ring, hangedman_vaults_hat,
          vaults_dpeg_hooks, vaults_room_glass_cross, v_misc_15,
          vaults_dpeg_spiral, nicolae_vaults_border_crossing,
          dpeg_vaults_monster_row, vaults_room_stairs_pillars,
          vaults_room_corners, layout_vaults_omnicross, uniq_donald
Vaults:5
Depths:1: layout_twisted_cross, pf_hell_entry_great_geh,
          hangedman_decor_clover_reticule, chequers_serial_rivers_small_a,
          st_stairs_1, glass_columns_b, grunt_decor_one_mirror,
          hangedman_decor_points, corexii_leaking_fountain,
          small_chamber_with_monster, kennysheep_dice, serial_bayou_shore_b,
          uniq_nikola, uniq_asterion
Depths:2: minmay_isolated_rectangles_in_corner, layout_gridlike,
          grunt_hell_entry_dis_mu, small_statue_intersection,
          infiniplex_staircase_star
Depths:3: nooodl_heptagram, layout_cave_shapes, enter_ziggurat_c, hellmouth_1,
          grunt_pan_entry_zigzag
Depths:4: minmay_curly_fans, layout_basic, pf_hell_entry_tar_river,
          gammafunk_ghost_crypt, abyss_entry_small_statue_room,
          hangedman_decor_push, nicolae_blasting_shop
Depths:5: hangedman_slaughterboxes, hell_entry, pan_entry
Zot:1:    layout_onion_interference
Zot:2:    layout_gridlike, gammafunk_ghost_split, hangedman_xom_zot_hilarity
Zot:3:    layout_misc_corridors, st_stairs_1, grunt_ministairs_3
Zot:4:    nicolae_zot_draconian_monastery, layout_basic
Zot:5:    layout_cathedral_of_symmetry, st_stairs_5

Skill      XL: |  1  2  3  4  5  6  7  8  9 10 11 12 13 14 15 16 17 18 19 20 21 22 23 24 25 26 |
---------------+-------------------------------------------------------------------------------+-----
Fighting       | 3 4 5 6 7 8 9 10 11 12 14 15 18 19 20 21 22 | 22.3
Shields        | 2 3 4 5 6 8 10 11 12 14 15 17 18 19 22 25 27 | 27.0
Axes           | 1 3 4 6 8 10 12 13 15 16 18 | 18.0
Invocations    | 2 5 8 9 10 12 | 12.3
Armour         | 3 6 8 10 11 15 16 18 19 20 | 20.7
Evocations     | 4 7 8 11 12 16 17 | 17.3
Polearms       | 2 6 |  6.7
Dodging        | 7 9 12 | 12.0
Stealth        | |  3.6

Action                   |  1- 3 |  4- 6 |  7- 9 | 10-12 | 13-15 | 16-18 | 19-21 | 22-24 | 25-27 || total
-------------------------+-------+-------+-------+-------+-------+-------+-------+-------+-------++-------
Melee: Short sword       |   111 |    12 |       |       |       |       |       |       |       ||   123
       War axe           |       |   176 |   268 |   376 |       |       |       |       |       ||   820
       Broad axe         |       |       |       |   192 |   888 |  1375 |  1191 |  1178 |   818 ||  5642
       Hand axe          |       |       |       |       |    52 |       |       |       |       ||    52
       Demon trident     |       |       |       |       |   174 |       |       |       |       ||   174
       Headbutt          |       |       |       |       |       |   139 |   327 |   311 |   154 ||   931
Throw: Boomerang         |    41 |       |       |       |       |       |       |       |       ||    41
       Dart              |     4 |    11 |     5 |     6 |       |       |       |       |       ||    26
       Throwing net      |       |       |       |     2 |       |       |       |       |     1 ||     3
Invok: Lesser Servant of |       |       |       |     1 |     2 |     1 |       |       |       ||     4
       Greater Servant o |       |       |       |       |       |       |       |       |     1 ||     1
 Abil: Heal Wounds       |       |     4 |     8 |     4 |       |     5 |       |     1 |    28 ||    50
       Evoke Invisibilit |       |       |       |     6 |       |     1 |       |       |       ||     7
Evoke: Wand              |       |     2 |     1 |    14 |     8 |    18 |     1 |     2 |    16 ||    62
       Condenser vane    |       |       |       |     1 |     2 |     4 |     1 |     3 |     3 ||    14
       Phantom mirror    |       |       |       |       |       |     1 |       |       |       ||     1
       Tin of tremorston |       |       |       |       |       |     2 |     9 |       |     5 ||    16
       Box of beasts     |       |       |       |       |       |       |       |       |     5 ||     5
  Use: Scroll            |       |       |    16 |     8 |    11 |     7 |     4 |     6 |    15 ||    67
       Potion            |       |       |     2 |     5 |     2 |    17 |       |       |    15 ||    41
 Stab: Sleeping          |     1 |     3 |     1 |       |       |       |       |       |       ||     5
       Paralysed         |       |     6 |       |       |     3 |       |     3 |       |       ||    12
       Distracted        |       |       |     1 |       |     1 |       |     1 |       |       ||     3
       Invisible         |       |       |       |    12 |       |     9 |       |       |       ||    21
       Petrified         |       |       |       |       |       |     5 |       |       |       ||     5
       Petrifying        |       |       |       |       |       |     1 |       |       |       ||     1
       Confused          |       |       |       |       |       |       |     2 |       |       ||     2
Armor: Leather armour    |    41 |    23 |       |       |       |       |       |       |       ||    64
       Ring mail         |       |    59 |   113 |     5 |       |       |       |       |       ||   177
       Plate armour      |       |       |       |   288 |   455 |   605 |   391 |   342 |       ||  2081
       Gold dragon scale |       |       |       |       |       |       |       |   166 |     1 ||   167
       Crystal plate arm |       |       |       |       |       |       |       |       |   364 ||   364
Dodge: Dodged            |    63 |    50 |    88 |   136 |   261 |   479 |   393 |   425 |   235 ||  2130
Block: Buckler           |    23 |       |       |       |       |       |       |       |       ||    23
       Tower shield      |    24 |   115 |   209 |   402 |   798 |  1266 |   973 |  1189 |   777 ||  5753

Table legend: (Time is in decaauts)
 A = Elapsed time spent in this place.
 B = Non-inter-level travel time spent in this place.
 C = Inter-level travel time spent in this place.
 D = Time resting spent in this place.
 E = Time spent auto-exploring this place.
 F = Levels seen in this place.
 G = Mean time per level.
                   A        B        C        D        E       F      G
               +--------+--------+--------+--------+--------+-----+--------+
         Total |  43859 |  38560 |   5299 |   2346 |  24147 |  50 |  877.2 |
       Dungeon |  14971 |  12439 |   2532 |   1030 |   8098 |  15 |  998.1 |
        Temple |    239 |    231 |      8 |      0 |    139 |   1 |  239.0 |
          Lair |   5802 |   4973 |    829 |    101 |   3901 |   6 |  967.0 |
        Shoals |   3519 |   3209 |    310 |    246 |   1874 |   4 |  879.8 |
   Spider Nest |   3075 |   2933 |    142 |    198 |   1939 |   4 |  768.8 |
  Orcish Mines |   1168 |   1001 |    167 |     20 |    675 |   2 |  584.0 |
        Vaults |   5973 |   5511 |    462 |     20 |   3767 |   5 | 1194.6 |
        Depths |   5370 |   4630 |    740 |      7 |   2911 |   5 | 1074.0 |
           Zot |   2073 |   1967 |    106 |    373 |    360 |   5 |  414.6 |
        Bailey |    410 |    410 |      0 |    100 |    120 |   1 |  410.0 |
      Ice Cave |    534 |    534 |      0 |      0 |    224 |   1 |  534.0 |
      Gauntlet |    721 |    721 |      0 |    249 |    135 |   1 |  721.0 |
               +--------+--------+--------+--------+--------+-----+--------+

Top non-repeatable levels by time:
Vaults:1: 1451 daAuts
Depths:3: 1422 daAuts
    D:12: 1411 daAuts
Vaults:5: 1371 daAuts
     D:6: 1364 daAuts
    D:14: 1316 daAuts
     D:8: 1256 daAuts
Spider:3: 1233 daAuts
Vaults:2: 1203 daAuts
     D:4: 1185 daAuts
Depths:5: 1170 daAuts
Shoals:4: 1149 daAuts
  Lair:2: 1132 daAuts
     D:9: 1102 daAuts
  Lair:3: 1073 daAuts
